 Dungeon Crawl Stone Soup version 0.24.0-2-g5b39cebb1c (webtiles) character file.

Game seed: 4277988426269413237, levelgen mode: deterministic

73 Mrkan the Chopper (level 4, 0/41 HPs)
             Began as a Minotaur Monk on Oct 30, 2019.
             Succumbed to an adder's poison
             ... on level 2 of the Dungeon.
             The game lasted 00:02:33 (1134 turns).

Mrkan the Chopper (Minotaur Monk)                   Turns: 1134, Time: 00:02:34

Health: 0/41       AC:  6    Str: 14    XL:     4   Next: 8%
Magic:  3/3        EV: 11    Int: 11    God:
Gold:   19         SH:  0    Dex: 13    Spells: 3/3 levels left

rFire    . . .     SeeInvis .   a - +0 hand axe
rCold    . . .     Gourm    .   (no shield)
rNeg     . . .     Faith    .   m - +0 scale mail
rPois    .         Spirit   .   (helmet restricted)
rElec    .         Reflect  .   (no cloak)
rCorr    .         Harm     .   (no gloves)
MR       .....                  (no boots)
Stlth    ..........             (no amulet)
HPRegen  0.13/turn              (no ring)
MPRegen  0.08/turn              (no ring)

@: lethally poisoned (0 -> -9)
A: retaliatory headbutt, horns 2, clever 2, weak 1
a: no special abilities


You were on level 2 of the Dungeon.
You were hungry.

You visited 1 branch of the dungeon, and saw 2 of its levels.

You collected 19 gold pieces.

Inventory:

Hand Weapons
 a - a +0 hand axe (weapon)
Armour
 m - a +0 scale mail (worn)
Scrolls
 f - 3 scrolls of identify {unknown}
 j - 2 scrolls of teleportation {unknown}
 k - a scroll of fog {unknown}
Potions
 e - a potion of resistance
 i - a potion of brilliance
Comestibles
 c - 2 rations


   Skills:
 + Level 4.3 Fighting
 + Level 4.3 Axes
 + Level 2.1 Armour
 + Level 3.9 Dodging
 - Level 1.5 Stealth


You had 3 spell levels left.
You didn't know any spells.
Your spell library was empty.

Dungeon Overview and Level Annotations

Branches:
Dungeon (2/15)

Altars:


Innate Abilities, Weirdness & Mutations

You reflexively headbutt those who attack you in melee.
You have a pair of horns on your head.
Your mind is very acute. (Int +4)
You are weak. (Str -2)


Message History

It was a potion of brilliance.
You feel clever all of a sudden.
* * * LOW HITPOINT WARNING * * *
You feel sick. The giant cockroach barely misses you.
It was a potion of mutation.
You feel extremely strange.
You feel weaker.
You feel clever. x2
* * * LOW HITPOINT WARNING * * *
You feel sick. The giant cockroach bites you.
* * * LOW HITPOINT WARNING * * *
The giant cockroach bites you but does no damage.
It was a potion of cancellation.
Your magical effects are unravelling.
You feel magically purged.
You feel a little less mighty now.
You feel a little less clever now.
Your resistance to elements expires.
* * * LOW HITPOINT WARNING * * *
You feel sick. The giant cockroach barely misses you. You furiously retaliate!
You headbutt the giant cockroach.
You kill the giant cockroach!
You die...

### ..# #. ##..#
#. #...#
####.#### #.#
........####@#
.............#.#
.............$.#
........######.#
........# ...
...)....# ...#
.......%. ...#
######.### ..#
#? ###


There were no monsters in sight!

Vanquished Creatures
  A gnoll (D:1)
  3 adders (D:2)
  A dart slug (D:1)
  A leopard gecko (D:1)
  3 giant cockroaches
  6 goblins (D:1)
  4 hobgoblins (D:1)
  4 jackals (D:2)
  2 bats (D:1)
  3 kobolds (D:1)
  3 rats (D:1)
31 creatures vanquished.

Notes
Turn   | Place    | Note
-------+----------+-------------------------------------------
     0 | D:1      | Mrkan the Minotaur Monk began the quest for the Orb.
     0 | D:1      | Reached XP level 1. HP: 19/19 MP: 0/0
   262 | D:1      | Reached XP level 2. HP: 27/27 MP: 1/1
   276 | D:1      | Reached skill level 1 in Armour
   716 | D:1      | Reached XP level 3. HP: 18/33 MP: 2/2
  1128 | D:2      | Reached XP level 4. HP: 8/40 MP: 3/3
  1132 | D:2      | Gained mutation: You are weak. (Str -2) [potion of
                  | mutation]
  1132 | D:2      | Gained mutation: Your mind is acute. (Int +2) [potion of
                  | mutation]
  1132 | D:2      | Gained mutation: Your mind is very acute. (Int +4) [potion
                  | of mutation]
  1132 | D:2      | HP: 2/41 [poisoned by an adder]
  1134 | D:2      | Succumbed to an adder's poison

Levels and vault maps discovered:
D:1:      mrwooster_arrival_statue_3, layout_basic
D:2:      layout_rooms, uniq_sigmund

Skill      XL: |  1  2  3 |
---------------+----------+-----
Armour         | 1 2 |  2.1
Fighting       | 4 |  4.3
Axes           | 4 |  4.3
Dodging        | |  3.9
Stealth        | |  1.5

Action                   |  1- 3 |  4- 6 || total
-------------------------+-------+-------++-------
Melee: Hand axe          |    74 |       ||    74
       Headbutt          |     9 |       ||     9
  Use: Potion            |       |     5 ||     5
 Stab: Sleeping          |     1 |       ||     1
Armor: Robe              |     7 |       ||     7
       Scale mail        |    17 |     1 ||    18
Dodge: Dodged            |    54 |     5 ||    59
